 Dungeon Crawl Stone Soup version 0.20.1-1-g8b1a95d (webtiles) character file.

653 tidbits the Insei (level 7, -24/55 HPs)
             Began as a Demigod Transmuter on Aug 19, 2017.
             Killed from afar by a wretched star (31 damage)
             ... with an orb of energy
             ... on level 1 of the Abyss.
             The game lasted 00:14:30 (1383 turns).

tidbits the Insei (Demigod Transmuter)              Turns: 1383, Time: 00:14:31

Health: -24/55     AC:  2    Str: 13    XL:     7   Next: 7%
Magic:  4/13       EV: 21    Int: 21    God:
Gold:   103        SH:  0    Dex: 21    Spells: 5/11 levels left

rFire    + . .     SeeInvis .     - Unarmed
rCold    . . .     Gourm    .   (shield currently unavailable)
rNeg     . . .     Faith    .   (armour currently unavailable)
rPois    x         Spirit   .   (helmet currently unavailable)
rElec    .         Reflect  .   (cloak currently unavailable)
rCorr    .         Harm     .   (gloves currently unavailable)
MR       .....                  (boots currently unavailable)
Stlth    ++........             (no amulet)
Regen    0.2/turn               i - ring of protection from fire
MPRegen  0.2/turn               (no ring)

@: spider-form, very slightly contaminated
A: high mp 1
a: End Transformation


You were on level 1 of the Abyss.
You were not hungry.
You were a venomous arachnid creature.
You visited 1 branch of the dungeon, and saw 5 of its levels.
You visited the Abyss 1 time.

You collected 103 gold pieces.

Inventory:

Hand Weapons
 e - a +0 dagger of draining
   (You took it off a goblin on level 1 of the Dungeon)
Missiles
 a - 24 arrows
 k - 5 tomahawks (quivered)
 n - 8 javelins
Armour
 b - a +0 robe (melded)
Jewellery
 i - a ring of protection from fire (left front leg)
   (You found it on level 2 of the Dungeon)
Scrolls
 g - a scroll of noise {unknown}
 h - 2 scrolls of enchant weapon {unknown}
 m - 4 scrolls of teleportation {unknown}
 o - a scroll of recharging {unknown}
 r - 2 scrolls of remove curse
Potions
 f - a potion of brilliance
 j - a potion of flight
 p - a potion of curing {unknown}
 q - a potion of lignification
Books
 c - a book of Changes

   Spells                             Type                      Level
   a - Beastly Appendage              Transmutation                1
   b - Sticks to Snakes               Transmutation                2
   c - Spider Form                    Transmutation/Poison         3
   d - Ice Form                       Ice/Transmutation            4
   e - Blade Hands                    Transmutation                5
Comestibles
 d - 2 bread rations
 l - 3 chunks of flesh


   Skills:
 + Level 2.1 Fighting
 - Level 2.5 Dodging
 * Level 6.3 Unarmed Combat
 - Level 2.5 Spellcasting
 - Level 3.0 Transmutations


You had 5 spell levels left.
You knew the following spells:

 Your Spells              Type           Power        Failure   Level  Hunger
e - Beastly Appendage     Tmut           ###...       13%         1    None
k - Sticks to Snakes      Tmut           ###.....     17%         2    ##.....
p - Spider Form           Tmut/Pois      #.........   43%         3    ###....


Dungeon Overview and Level Annotations

Branches:
Dungeon (5/15)
 Temple: D:4-7


Innate Abilities, Weirdness & Mutations

You have an increased reservoir of magic. (+10% MP)


Message History

The howler monkey is almost dead.
You kill the howler monkey!
You see here a howler monkey corpse.
You butcher the howler monkey corpse.
l - 5 chunks of flesh (gained 3)
You see here a howler monkey skeleton.
Eat one of 5 chunks of flesh? (ye/n/q)
You eat one of the 5 chunks of flesh.
This raw flesh tastes terrible.
Your transformation is almost over.
Found a stone staircase leading down.
There is a stone staircase leading down here.
You climb downwards.
Your summoned ally is left behind.
Found an escape hatch in the floor.
There is a stone staircase leading up here.
Your transformation has ended.
Your +0 robe unmelds from your body.
Found 16 gold pieces.
Found an escape hatch in the ceiling.
Found 16 gold pieces.
You now have 103 gold pieces (gained 16).
A giant cockroach comes into view.
A worker ant zombie comes into view.
There is an escape hatch in the ceiling here.
A mysterious force pulls you upwards. The hatch slams shut behind you.
An orc comes into view. It is wielding a short sword.
An orc priest comes into view. It is wielding a dagger of distortion.
The orc shouts!
An orc comes into view. It is wielding a short sword.
The orc shouts!
Casting: Spider Form
Confirm with . or Enter, or press ? or * to list all spells.
You turn into a venomous arachnid creature.
Your +0 robe melds into your body.
The orc completely misses you.
You bite the orc!
You kill the orc!
Your transformation is almost over.
The orc misses you.
An orc comes into view.
The orc shouts!
You bite the orc!
You kill the orc!
You see here a short sword.
Casting: Spider Form
Confirm with . or Enter, or press ? or * to list all spells.
You create a snake!
You now have 25 arrows.
Casting: Sticks to Snakes
Confirm with . or Enter, or press ? or * to list all spells.
You miscast Sticks to Snakes.
You are very lightly contaminated with residual magic.
Multicoloured lights dance before your eyes!
Casting: Sticks to Snakes
Confirm with . or Enter, or press ? or * to list all spells.
You create a snake!
You now have 24 arrows.
The orc barely misses you.
You closely miss the orc.
Your transformation has ended.
Your +0 robe unmelds from your body.
Your ball python bites the orc.
Your ball python completely misses the orc.
The orc barely misses your ball python. The orc priest closely misses you.
You hit the orc priest but do no damage.
Your ball python bites the orc.
Your ball python barely misses the orc.
Casting: Sticks to Snakes
Confirm with . or Enter, or press ? or * to list all spells.
You miscast Spider Form.
You feel mildly nauseous. The orc barely misses you.
The orc priest hits you but does no damage.
You feel strangely unstable.
Your ball python bites the orc.
Your ball python closely misses the orc.
Casting: Spider Form
Confirm with . or Enter, or press ? or * to list all spells.
You don't have enough magic to cast that spell.
You punch the orc priest!
The orc priest is heavily wounded.
The orc priest hits you with a dagger of distortion.
You are cast into the Abyss!
To return, you must find a gate leading back.
Killing monsters will force the Abyss to allow you passage.
This branch contains the abyssal rune of Zot.
Found a gateway leading deeper into the Abyss.
You are suddenly pulled into a different region of the Abyss!
Found a blossoming altar of Fedhas.
Some of the chunks of flesh in your inventory have rotted away.
Found a potion of lignification.
Found a royal jelly.
You see here a potion of lignification.
q - a potion of lignification You feel yourself growing ill in the presence of the ancient zyme.
An ancient zyme comes into view.
A wretched star comes into view.
The wretched star glows turbulently.
The orb of energy hits you!
Ouch! That really hurt!
* * * LOW HITPOINT WARNING * * *
Casting: Spider Form
Confirm with . or Enter, or press ? or * to list all spells.
You turn into a venomous arachnid creature.
Your +0 robe melds into your body.
The wretched star glows turbulently.
The orb of energy hits you!
Ouch! That really hurt!
You die...

...#......
...#.#_#. ..... .
##...#... #. #
#....##.
....#...#.. #..
#...#.#.# ##.# #.#
#.. #...#.#.
#...#.#.. .
..##...##### ## ##
## ... #.#....# ..
## #..# #.##.#.####
.
###..##s.*####.##.#
#......#......#..#
#####..#.##....#
#.##.#..#.. ##
.#... ###
..##.#......# #.#
##....... ..
.##...## #.# ..
..#..


You could see a wretched star.

Vanquished Creatures
  The ghost of shugdite the Slasher, an amateur MiFi (D:3)
  The ghost of dscm the Digger, an amateur OpEE of Cheibriados (D:4)
  Menkaure (D:4)
  A howler monkey (D:4)
  2 orc wizards
  An adder (D:3)
  A leopard gecko (D:1)
  18 orcs
  A giant cockroach (D:1)
  4 hobgoblins
  4 jackals
  4 quokkas
  3 ball pythons
  2 bats
  5 frilled lizards
  10 goblins
  6 kobolds
  4 rats
69 creatures vanquished.

Vanquished Creatures (collateral kills)
  An adder (D:2)
  An orc (D:3)
2 creatures vanquished.

Grand Total: 71 creatures vanquished

Notes
Turn   | Place    | Note
-------+----------+-------------------------------------------
     0 | D:1      | tidbits the Demigod Transmuter began the quest for the Orb.
     0 | D:1      | Reached XP level 1. HP: 15/15 MP: 5/5
    51 | D:1      | Reached skill level 3 in Unarmed Combat
   152 | D:1      | Reached skill level 2 in Transmutations
   341 | D:2      | Reached skill level 2 in Spellcasting
   341 | D:2      | Reached XP level 2. HP: 19/22 MP: 5/7
   345 | D:2      | Learned a level 2 spell: Sticks to Snakes
   668 | D:2      | Reached XP level 3. HP: 25/27 MP: 6/9
   673 | D:2      | Learned a level 3 spell: Spider Form
   742 | D:2      | Found a blossoming altar of Fedhas.
   744 | D:2      | Found an ancient bone altar of Kikubaaqudgha.
   898 | D:3      | Noticed shugdite's ghost (amateur MiFi)
   945 | D:3      | Killed shugdite's ghost
   945 | D:3      | Reached skill level 5 in Unarmed Combat
   945 | D:3      | Reached XP level 4. HP: 34/34 MP: 10/10
   945 | D:3      | Reached XP level 5. HP: 39/39 MP: 11/11
  1023 | D:3      | Reached skill level 1 in Fighting
  1023 | D:3      | Reached skill level 3 in Transmutations
  1023 | D:3      | Reached XP level 6. HP: 40/47 MP: 5/12
  1168 | D:4      | Noticed dscm's ghost (amateur OpEE)
  1182 | D:4      | Killed dscm's ghost
  1182 | D:4      | Reached skill level 2 in Dodging
  1227 | D:4      | Noticed Menkaure
  1239 | D:4      | Killed Menkaure
  1239 | D:4      | Reached skill level 2 in Fighting
  1239 | D:4      | Reached skill level 6 in Unarmed Combat
  1257 | D:4      | Reached XP level 7. HP: 15/55 MP: 8/13
  1292 | D:5      | Entered Level 5 of the Dungeon
  1344 | D:4      | Cast into level 1 of the Abyss (orc priest)
  1352 | Abyss:1  | Found a blossoming altar of Fedhas.
  1375 | Abyss:1  | Noticed an ancient zyme
  1378 | Abyss:1  | Noticed a wretched star
  1383 | Abyss:1  | Killed from afar by a wretched star

Skill      XL: |  1  2  3  4  5  6 |
---------------+-------------------+-----
Unarmed Combat | 3 5 6 |  6.3
Transmutations | 2 3 |  3.0
Spellcasting   | 2 |  2.5
Fighting       | 1 2 |  2.1
Dodging        | 2 |  2.5

Action                   |  1- 3 |  4- 6 |  7- 9 || total
-------------------------+-------+-------+-------++-------
Melee: Dagger            |    80 |       |       ||    80
       Unarmed           |    38 |    57 |    10 ||   105
       Headbutt          |     2 |       |       ||     2
       Punch             |     1 |       |       ||     1
       Kick              |     5 |       |       ||     5
 Cast: Beastly Appendage |    13 |       |       ||    13
       Sticks to Snakes  |     4 |     4 |     3 ||    11
       Spider Form       |     1 |     7 |     3 ||    11
  Use: Scroll            |     3 |       |       ||     3
       Potion            |     1 |     1 |       ||     2
 Stab: Sleeping          |     3 |       |       ||     3
       Distracted        |       |       |     1 ||     1
  Eat: Chunk             |     1 |     2 |     1 ||     4
Armor: Robe              |    10 |       |     1 ||    11
       Skin              |    15 |     3 |       ||    18
Dodge: Dodged            |    54 |    35 |     8 ||    97

Table legend:
 A = Turns spent in this place as a percentage of turns spent in the entire game.
 B = Non-inter-level travel turns spent in this place as a percentage of non-inter-level travel turns spent in the entire game.
 C = Inter-level travel turns spent in this place as a percentage of turns spent in this place.
 D = Turns resting spent in this place as a percentage of non-inter-level travel turns spent in this place.
 E = Turns spent auto-exploring this place as a percentage of non-inter-level travel turns spent in this place.
 F = Non-inter-level travel turns spent in this place divided by the number of levels of this place that you've seen.
                   A       B       C       D       E      F
               +-------+-------+-------+-------+-------+----------------------
         Total | 100.0 | 100.0 |   0.0 |   0.0 |   0.0 | 231.8
       Dungeon |  97.2 |  97.2 |   0.0 |   0.0 |   0.0 | 270.4
         Abyss |   2.8 |   2.8 |   0.0 |   0.0 |   0.0 |  39.0
               +-------+-------+-------+-------+-------+----------------------

Table legend:
 A = Kills in this place as a percentage of kills in entire the game.
 B = Kills by you in this place as a percentage of kills by you in the entire game.
 C = Kills by friends in this place as a percentage of kills by friends in the entire game.
 D = Other kills in this place as a percentage of other kills in the entire game.
 E = Experience gained in this place as a percentage of experience gained in the entire game.
 F = Experience gained in this place divided by the number of levels of this place that you have seen.
                   A       B       C       D       E      F
               +-------+-------+-------+-------+-------+----------------------
         Total | 100.0 | 100.0 | 100.0 |  -nan | 100.0 | 155.5
       Dungeon | 100.0 | 100.0 | 100.0 |  -nan | 100.0 | 186.6
               +-------+-------+-------+-------+-------+----------------------

Vault maps used:
D:1:      tarquinn_simple_flora_water_e
D:2:      grunt_temple_overflow_growth_and_decay
D:3:      lemuel_old_faithful
D:4:      first_bread, uniq_menkaure
D:5:      lemuel_crystal_altar, basic_altar, patterned_corridor,
          uniq_prince_ribbit1, uniq_edmund, uniq_blork_the_orc
